 Dungeon Crawl Stone Soup version 0.27.0-1-g7a089689b8 (webtiles) character file.

Game seed: 11142634765565872785

77 inmateoo the Vexing (level 4, 0/30 HPs)
             Began as a Vampire Enchanter on Aug 2, 2021.
             Succumbed to a goblin's poison
             ... on level 2 of the Dungeon.
             The game lasted 00:02:49 (2214 turns).

inmateoo the Vexing (Vampire Enchanter)             Turns: 2214, Time: 00:02:50

Health: 0/30       AC:  2    Str:  7    XL:     4   Next: 14%
Magic:  8/8        EV: 12    Int: 18    God:
Gold:   82         SH:  0    Dex: 14    Spells: 2/8 levels left

rFire    . . .     SeeInvis +   b - +3 hunting sling
rCold    . . .     Faith    .   (no shield)
rNeg     . . .     Spirit   .   k - +0 robe
rPois    .         Reflect  .   (no helmet)
rElec    .         Harm     .   (no cloak)
rCorr    .         Rampage  .   (no gloves)
Will     .....                  (no boots)
Stlth    +++.......             (no amulet)
HPRegen  0.30/turn              (no ring)
MPRegen  0.11/turn              (no ring)

@: mighty, brilliant, lethally poisoned (0 -> -5), healing quickly
A: alive, fangs 3, see invisible, vampiric 2
a: Exsanguinate


You were on level 2 of the Dungeon.
You visited 1 branch of the dungeon, and saw 3 of its levels.

You collected 82 gold pieces.

Inventory:

Hand Weapons
 a - a +1 dagger
 b - a +3 hunting sling (weapon)
 c - a +1 whip of electrocution
Missiles
 l - 26 stones (quivered ammo)
Armour
 k - a +0 robe (worn)
Scrolls
 d - a scroll of teleportation {unknown}
 e - a scroll of magic mapping {unknown}
 f - a scroll of holy word {unknown}
 g - 2 scrolls of amnesia {unknown}
 h - a scroll of blinking {unknown}


   Skills:
 - Level 1.1 Short Blades
 - Level 2.1 Dodging
 + Level 5.5 Stealth
 + Level 2.7 Spellcasting
 + Level 5.8 Hexes


You had 2 spell levels left.
You knew the following spells:

 Your Spells              Type           Power      Damage    Failure   Level
a - Corona                Hex            38%        N/A       1%          1
b - Ensorcelled Hibernat  Hex/Ice        38%        N/A       8%          2
c - Confusing Touch       Hex            35%        N/A       4%          3

Your spell library contained the following spells:

 Spells                   Type           Power      Damage    Failure   Level
 Slow                     Hex            35%        N/A       2%          2
 Tukima's Dance           Hex            35%        N/A       4%          3
 Dazzling Flash           Conj/Hex       38%        N/A       16%         3
 Yara's Violent Unravell  Hex/Tmut       9%         3d6       80%         5


Dungeon Overview and Level Annotations

Branches:
Dungeon (3/15)

Altars:

Annotations:
D:3 Robin


Innate Abilities, Weirdness & Mutations

Your natural rate of healing is accelerated.
You have razor-sharp teeth.
You have supernaturally acute eyesight. (SInv)
You are afflicted with vampirism and can become a bat while bloodless.


Message History

A goblin is wielding a +1 vampiric dagger.
A goblin is wielding a +1 dagger of venom.
Robin shouts!
The hobgoblin shouts! x3; The goblin shouts! x6
Found 10 gold pieces.
Found a stone staircase leading down and a stone staircase leading up.
There is a stone staircase leading up here.
Robin says, "Feeling lonely?"
Robin misses you. The goblin hits you with a +0 dagger.
The goblin barely misses you.
The goblin hits you with a +1 dagger of venom.
You are poisoned.
The goblin misses you. The goblin closely misses you.
The goblin hits you but does no damage.
You climb upwards.
You feel very sick.
There is a stone staircase leading down here.
You open the door.
You feel sick.
The goblin hits you with a +1 vampiric dagger.
The goblin hits you with a +0 club. The goblin hits you with a +0 dagger.
The goblin closely misses you. The goblin completely misses you.
The goblin hits you but does no damage.
You are lethally poisoned!
You feel very sick. The goblin closely misses you.
There is an open door here.
It was a potion of brilliance.
You feel clever all of a sudden.
* * * LOW HITPOINT WARNING * * *
You feel very sick. The goblin misses you. x2
It was a potion of might.
You feel very mighty all of a sudden.
* * * LOW HITPOINT WARNING * * *
You feel sick. The goblin barely misses you.
The goblin hits you with a +0 dagger.
* * * LOW HITPOINT WARNING * * *
Unknown command.
* * * LOW HITPOINT WARNING * * *
You feel sick.
Unknown command.
You die...

#............##......8...## ##.#
.......#.###.#....###...#.###.##
##...#.#.# #.##.....#...#..#.##
###....#.###.###....#.###.#.##
##.....#.........g...#....#.####
##.....#####.###ggg..####......#
##.....#####.###g#.#####.#..##.#
###..........##..g#.###.##..##.#
####.#.#######..@..#...###..##.#
.......## ##.......######..##.#
####....####..)......####...##.##
...........'.........'..........#
####....####.........##.....##..#
####.#.## ##.......###..#..##..#
#.......# ##.....## #..##.##..#
#.......# ##<..## #..##..#..#
#.......# ##+## #>.###.#..#


You could see 6 goblins.

Vanquished Creatures
  A gnoll (D:2)
  2 adders (D:2)
  2 worms (D:2)
  3 dart slugs
  2 ball pythons
  3 endoplasms
  4 giant cockroaches
  3 goblins
  5 hobgoblins
  A kobold (D:1)
  A quokka (D:2)
  6 bats
  4 rats
37 creatures vanquished.

Notes
Turn   | Place    | Note
-------+----------+-------------------------------------------
     0 | D:1      | inmateoo the Vampire Enchanter began the quest for the Orb.
     0 | D:1      | Reached XP level 1. HP: 13/13 MP: 3/3
   147 | D:1      | Reached skill level 5 in Hexes
   362 | D:1      | Reached XP level 2. HP: 15/19 MP: 5/5
   692 | D:1      | Learned a level 2 spell: Ensorcelled Hibernation
   713 | D:1      | Found a faded altar of an unknown god.
  1135 | D:2      | Reached skill level 5 in Stealth
  1135 | D:2      | Gained mutation: You are afflicted with vampirism and can
                  | become a bat while bloodless. [Vampire growth]
  1135 | D:2      | Reached XP level 3. HP: 24/24 MP: 1/6
  1642 | D:2      | Reached XP level 4. HP: 27/30 MP: 8/8
  1655 | D:2      | Learned a level 3 spell: Confusing Touch
  2206 | D:3      | Noticed Robin
  2214 | D:2      | Succumbed to a goblin's poison

Illustrated notes

Levels and vault maps discovered:
D:1:      dpeg_arrival_three_same_balls, layout_basic,
          dreamdust_ecumenical_altar_angels_and_demons
D:2:      layout_loops_corners, minmay_pentomino_v4
D:3:      layout_loops_ring, nicolae_overflow_quartered_altars,
          gup_sewer_entry_spiral, uniq_grinder, uniq_natasha, uniq_robin,
          uniq_sigmund

Skill      XL: |  1  2 |
---------------+-------+-----
Hexes          | 5 |  5.8
Stealth        | 5 |  5.5
Short Blades   | |  1.1
Dodging        | |  2.1
Spellcasting   | |  2.7

Action                   |  1- 3 |  4- 6 || total
-------------------------+-------+-------++-------
Melee: Dagger            |    27 |       ||    27
       Whip              |    56 |    11 ||    67
       Bite              |     6 |     1 ||     7
 Fire: Hunting sling     |       |    13 ||    13
 Cast: Ensorcelled Hiber |     2 |       ||     2
  Use: Potion            |       |     2 ||     2
 Stab: Sleeping          |    11 |     2 ||    13
Armor: Robe              |     9 |     2 ||    11
Dodge: Dodged            |    45 |    20 ||    65
